Mustangs vs Wolfes
(R2)
Created - November 22, 2019 at 23:11
Goals
|
| Mustangs |
0 |
1 |
1 |
2 |
| Wolfes |
2 |
0 |
1 |
3 |
|
Shots
|
| Mustangs |
11 |
5 |
12 |
28 |
| Wolfes |
13 |
12 |
11 |
36 |
|
1st period
1. Wolfes , Sean Monahan 7 (Alexandre Grenier 2) at 6:57
2. Wolfes , Scott Timmins 4 (Jamie Oleksiak 5, Anton Lindholm 2) at 11:09
Penalties :
Martin Hanzal (RIM) for Hooking (Minor) at 8:39, Joshua Leivo (Ham) for Hooking (Minor) at 11:14, Michael Stone (RIM) for Roughing (Minor) at 19:54
2nd period
3. Mustangs , Craig Smith 8 (Dakota Mermis 3, Stefan Matteau 7) at 3:33
Penalties :
Alexandre Grenier (RIM) for Hooking (Minor) at 3:38, Jeffrey Foss (RIM) for Hooking (Minor) at 8:31, Joshua Leivo (Ham) for Tripping (Minor) at 11:43, Scott Mayfield (Ham) for Holding (Minor) at 12:30, Jamie Oleksiak (RIM) for Boarding (Minor) at 15:11
3rd period
4. Mustangs , Melker Karlsson 10 (Joshua Leivo 6, Scott Mayfield 5) at 2:11
5. Wolfes , Alexandre Grenier 1 (Anton Lindholm 3) at 4:30 (SH)
Penalties :
Sean Monahan (RIM) for Tripping (Minor) at 2:50, Scott Mayfield (Ham) for Hooking (Minor) at 5:37, Stefan Matteau (Ham) for Tripping (Minor) at 14:24
Goalie Stats
Anthony Stolarz (Ham), 33 saves from 36 shots - (0.917), L, 2-1-0, 59:05 minutes
Laurent Brossoit (RIM), 26 saves from 28 shots - (0.929), W, 5-5-1, 60:00 minutes
Players Stats for Mustangs
Player Name G A P +/- PIM S H SB GA TA FO MP PP MP PK MP
------------------------------------------------------------------------------------
Alex Tuch 0 0 0 0 0 0 0 0 2 0 3/5 19:54 6:53 0:00
Alexei Marchenko 0 0 0 0 0 6 1 3 2 2 0/0 28:44 7:19 5:52
Ben Harpur 0 0 0 0 0 2 4 2 0 1 0/0 22:45 4:35 3:31
Craig Smith 1 0 1 0 0 5 2 2 1 0 0/1 20:04 4:33 4:31
Curtis Hamilton 0 0 0 -1 0 0 0 0 0 0 0/0 11:09 0:17 1:06
Dakota Mermis 0 1 1 -1 0 0 0 3 1 0 0/0 6:57 0:00 1:02
Danny Biega 0 0 0 -1 0 0 1 2 0 0 0/0 14:16 0:00 3:19
Iven Barbashev 0 0 0 0 0 1 0 0 0 0 1/4 5:35 0:00 0:00
Josh Ho-Sang 0 0 0 0 0 0 0 0 0 0 0/0 5:35 0:00 0:00
Joshua Leivo 0 1 1 0 4 4 4 0 0 0 0/0 22:06 6:53 1:51
JT Compher 0 0 0 0 0 1 0 0 0 0 1/2 15:20 4:59 0:03
Max Gortz 0 0 0 -1 0 1 0 0 0 0 0/0 10:39 0:28 0:03
Melker Karlsson 1 0 1 0 0 3 4 1 0 0 23/44 25:12 6:42 5:20
Michael McCarron 0 0 0 0 0 0 1 0 0 0 0/0 6:36 0:03 0:58
Nick Schmaltz 0 0 0 -1 0 3 0 0 0 0 0/3 10:02 0:00 0:16
Ryan Pulock 0 0 0 -1 0 1 1 1 0 0 0/0 21:08 7:19 0:30
Scott Mayfield 0 1 1 1 4 0 3 3 0 2 0/0 25:36 4:35 3:08
Stefan Matteau 0 1 1 0 2 1 2 1 0 0 3/10 18:22 4:54 2:09
Players Stats for Wolfes
Player Name G A P +/- PIM S H SB GA TA FO MP PP MP PK MP
------------------------------------------------------------------------------------
Alexandre Grenier 1 1 2 1 2 4 2 1 0 0 1/1 14:57 0:02 2:56
Angelo Esposito 0 0 0 0 0 0 0 0 0 0 0/0 1:43 0:03 0:00
Anton Lindholm 0 2 2 0 0 1 4 1 0 0 0/0 20:08 0:00 6:59
Benn Ferriero 0 0 0 0 0 1 0 0 1 0 0/2 8:38 5:16 2:30
Blake Pietila 0 0 0 0 0 2 0 1 1 0 0/0 15:07 5:16 0:00
Charles-Olivier Roussel 0 0 0 -1 0 0 0 0 0 1 0/0 3:16 0:00 0:00
James Livingstone 0 0 0 -1 0 2 1 0 0 0 1/1 11:16 3:25 0:00
Jamie Oleksiak 0 1 1 0 2 2 0 2 0 1 0/0 22:43 3:44 5:44
Jeffrey Foss 0 0 0 1 2 0 2 0 0 1 0/0 22:11 3:44 4:05
Joe Morrow 0 0 0 2 0 2 2 0 0 0 0/0 21:46 4:59 4:55
Joonas Lyytinen 0 0 0 1 0 1 1 1 0 0 0/0 13:06 0:00 1:51
Kyle Rau 0 0 0 0 0 3 1 0 0 1 3/9 13:35 0:00 3:45
Martin Hanzal 0 0 0 0 2 4 2 0 2 0 11/22 17:21 0:00 5:53
Max Friberg 0 0 0 0 0 2 1 0 0 2 0/2 19:22 0:00 7:07
Michael Stone 0 0 0 -1 2 1 2 1 0 0 0/0 17:48 4:59 0:14
Nolan Vesey 0 0 0 1 0 0 1 0 0 0 0/0 6:17 0:00 0:00
Scott Timmins 1 0 1 1 0 4 0 0 0 0 3/4 10:06 3:24 0:38
Sean Monahan 1 0 1 0 2 5 6 0 0 0 18/26 16:42 5:18 0:00
Sergei Plotnikov 0 0 0 0 0 1 1 2 0 0 0/0 13:23 0:00 0:59
Vaclav Karabacek 0 0 0 1 0 0 0 0 0 0 1/1 6:56 0:00 0:00
Zachary Sanford 0 0 0 -1 0 1 0 0 1 0 0/1 11:39 3:25 0:00
3 Stars
1 - Alexandre Grenier (RIM)
2 - Anton Lindholm (RIM)
3 - Sean Monahan (RIM)
Power Play
Mustangs - 0 on 6 Attempt(s) - 0.00%
Wolfes - 0 on 5 Attempt(s) - 0.00%
Penalty Kill
Mustangs - 5 on 5 Attempt(s) - 100.00%
- Score 0 goal in Penalty Kill
Wolfes - 6 on 6 Attempt(s) - 100.00%
- Score 1 goal in Penalty Kill
Team Stat
Mustangs - Hits : 23 - Faceoff Wins : 31 - Blocked Shots : 18 - Penalty Minutes : 10
Wolfes - Hits : 26 - Faceoff Wins : 38 - Blocked Shots : 9 - Penalty Minutes : 12
Official
Referees : Unknown
Linesman : Unknown
Game Notes
Dakota Mermis is injured at 12:50 of 2nd period (Lower Body)
Finance
Level 1 -- Attendance: 1566 (78.30%) -- Ticket Income $62,640
Level 2 -- Attendance: 688 (68.80%) -- Ticket Income $13,760
Total Attendance: 2254 (75.13%)
Total Ticket Income: $76,400
Other Income: $3,820
Total Income: $80,220
Mustangs
5 vs 5 Forward
Center Left Wing Right Wing Time % Phy DF OF
1 Melker Karlsson Joshua Leivo Alex Tuch 40 1 2 2
2 Stefan Matteau JT Compher Craig Smith 30 1 2 2
3 Nick Schmaltz Curtis Hamilton Max Gortz 20 1 2 2
4 Iven Barbashev Michael McCarron Josh Ho-Sang 10 1 2 2
5 vs 5 Defense
Defense Defense Time % Phy DF OF
1 Alexei Marchenko Scott Mayfield 44 1 2 2
2 Ryan Pulock Ben Harpur 33 1 2 2
3 Dakota Mermis Danny Biega 23 1 2 2
4 Alexei Marchenko Scott Mayfield 0 1 2 2
PowerPlay Forward
Center Left Wing Right Wing Time % Phy DF OF
1 Melker Karlsson Joshua Leivo Alex Tuch 60 1 2 2
2 Stefan Matteau JT Compher Craig Smith 40 1 2 2
PowerPlay Defense
Defense Defense Time % Phy DF OF
1 Alexei Marchenko Ryan Pulock 60 1 2 2
2 Scott Mayfield Ben Harpur 40 1 2 2
Penalty Kill 4 Players Forward
Center Wing Time % Phy DF OF
1 Melker Karlsson Craig Smith 60 1 2 2
2 Stefan Matteau Joshua Leivo 40 1 2 2
Penalty Kill 4 Players Defense
Defense Defense Time % Phy DF OF
1 Alexei Marchenko Scott Mayfield 60 1 2 2
2 Dakota Mermis Ben Harpur 40 1 2 2
Penalty Kill - 3 Players Forward
Forward Time % Phy DF OF
1 Melker Karlsson 60 1 2 2
2 Stefan Matteau 40 1 2 2
Penalty Kill - 3 Players Defense
Defense Defense Time % Phy DF OF
1 Alexei Marchenko Scott Mayfield 60 1 2 2
2 Dakota Mermis Ben Harpur 40 1 2 2
4 vs 4 Forward
Center Wing Time % Phy DF OF
1 Melker Karlsson Joshua Leivo 60 1 2 2
2 Stefan Matteau JT Compher 40 1 2 2
4 vs 4 Defense
Defense Defense Time % Phy DF OF
1 Alexei Marchenko Scott Mayfield 60 1 2 2
2 Ryan Pulock Ben Harpur 40 1 2 2
Last Minutes Offensive
Center Left Wing Right Wing Defense Defense
Melker Karlsson JT Compher Alex Tuch Alexei Marchenko Ryan Pulock
Last Minutes Defensive
Center Left Wing Right Wing Defense Defense
Melker Karlsson Joshua Leivo Craig Smith Alexei Marchenko Scott Mayfield
Goaltenders
Starting : Anthony Stolarz
Backup : Chet Pickard
Extra Forwards
Normal : Melker Karlsson, Stefan Matteau, Nick Schmaltz - PP : JT Compher, Alex Tuch - PK : Melker Karlsson
Extra Defensemen
Normal : Alexei Marchenko, Scott Mayfield, Dakota Mermis - PP : Scott Mayfield - PK : Alexei Marchenko, Danny Biega
Penalty Shots
Melker Karlsson, Alex Tuch, JT Compher, Joshua Leivo, Stefan Matteau
Scratches
Ryan Graves (Healthy), Matthew Finn (Healthy), Jim O'Brien (Healthy), Kurtis Gabriel (Healthy), Raphael Bussieres (Healthy)
Sam Kurker (Healthy), Brett Pollock (Healthy), Steven Spinner (Healthy), Joacim Eriksson (Healthy)
Wolfes
5 vs 5 Forward
Center Left Wing Right Wing Time % Phy DF OF
1 Sean Monahan Sergei Plotnikov Alexandre Grenier 35 1 2 2
2 Martin Hanzal Blake Pietila Max Friberg 30 1 2 2
3 Kyle Rau Zachary Sanford James Livingstone 20 1 2 2
4 Scott Timmins Nolan Vesey Vaclav Karabacek 15 1 2 2
5 vs 5 Defense
Defense Defense Time % Phy DF OF
1 Jamie Oleksiak Jeffrey Foss 35 1 2 2
2 Anton Lindholm Michael Stone 33 1 2 2
3 Joonas Lyytinen Joe Morrow 32 1 2 2
4 Charles-Olivier Roussel Jeffrey Foss 0 1 2 2
PowerPlay Forward
Center Left Wing Right Wing Time % Phy DF OF
1 Sean Monahan Blake Pietila Benn Ferriero 60 1 2 2
2 Scott Timmins Zachary Sanford James Livingstone 40 1 2 2
PowerPlay Defense
Defense Defense Time % Phy DF OF
1 Michael Stone Joe Morrow 60 1 2 2
2 Jamie Oleksiak Jeffrey Foss 40 1 2 2
Penalty Kill 4 Players Forward
Center Wing Time % Phy DF OF
1 Martin Hanzal Max Friberg 60 1 2 2
2 Kyle Rau Alexandre Grenier 40 1 2 2
Penalty Kill 4 Players Defense
Defense Defense Time % Phy DF OF
1 Anton Lindholm Jamie Oleksiak 60 1 2 2
2 Jeffrey Foss Joe Morrow 40 1 2 2
Penalty Kill - 3 Players Forward
Forward Time % Phy DF OF
1 Martin Hanzal 60 1 2 2
2 Alexandre Grenier 40 1 2 2
Penalty Kill - 3 Players Defense
Defense Defense Time % Phy DF OF
1 Jamie Oleksiak Anton Lindholm 60 1 2 2
2 Michael Stone Jeffrey Foss 40 1 2 2
4 vs 4 Forward
Center Wing Time % Phy DF OF
1 Martin Hanzal Max Friberg 50 1 2 2
2 Blake Pietila Angelo Esposito 50 1 2 2
4 vs 4 Defense
Defense Defense Time % Phy DF OF
1 Michael Stone Anton Lindholm 50 1 2 2
2 Charles-Olivier Roussel Joonas Lyytinen 50 1 2 2
Last Minutes Offensive
Center Left Wing Right Wing Defense Defense
Martin Hanzal Blake Pietila Max Friberg Joe Morrow Jamie Oleksiak
Last Minutes Defensive
Center Left Wing Right Wing Defense Defense
Kyle Rau Sergei Plotnikov Alexandre Grenier Michael Stone Anton Lindholm
Goaltenders
Starting : Laurent Brossoit
Backup : Jeremy Smith
Extra Forwards
Normal : Angelo Esposito, Zachary Sanford, Vaclav Karabacek - PP : Angelo Esposito, Scott Timmins - PK : Benn Ferriero
Extra Defensemen
Normal : Charles-Olivier Roussel, Joe Morrow, Joonas Lyytinen - PP : Charles-Olivier Roussel - PK : Joonas Lyytinen, Michael Stone
Penalty Shots
Benn Ferriero, Martin Hanzal, Scott Timmins, Angelo Esposito, Zachary Sanford
Scratches
Tommy Vannelli (Healthy), Christophe Lalancette (Healthy), Klas Dahlbeck (Healthy), Matt Grzelcyk (Healthy), Remi Elie (Healthy)
Jyrki Jokipakka (Healthy), Barclay Goodrow (Healthy), Thomas Spelling (Healthy), Nicolas Deschamps (Healthy), Pavel Kraskovsky (Healthy)
Louis Belpedio (Healthy), Jacob Lagacé (Healthy), Cameron Darcy (Healthy), Fredrik Olofsson (Healthy), Kyle Pettit (Healthy)
Dylan Sadowy (Healthy), Anton Karlsson (Healthy), Ebbe Siönäs (Healthy), Sami Aittokallio (Healthy), Kaapo Kahkonen (Healthy)
% Time on Ice - Mustangs
Lines # - Real PCT - Wanted PCT - Time Play
Normal Forward
1 - 33% - 40% - 12:40
2 - 29% - 30% - 11:04
3 - 23% - 20% - 8:56
4 - 15% - 10% - 5:35
Normal Defense
1 - 35% - 44% - 13:23
2 - 34% - 33% - 13:07
3 - 31% - 23% - 11:45
4 - 0% - 0% - 0:00
PP Forward
1 - 60% - 60% - 7:10
2 - 40% - 40% - 4:44
PP Defense
1 - 61% - 60% - 7:19
2 - 39% - 40% - 4:35
PK Forward
1 - 80% - 60% - 6:02
2 - 20% - 40% - 1:29
PK Defense
1 - 59% - 60% - 4:26
2 - 41% - 40% - 3:05
PK3 Forward
1 - 96% - 60% - 1:09
2 - 4% - 40% - 0:03
PK3 Defense
1 - 72% - 60% - 0:52
2 - 28% - 40% - 0:20
44 Forward
1 - 0% - 60%
2 - 0% - 40%
44 Defense
1 - 0% - 60%
2 - 0% - 40%
Last Minute Offensive - 1:08
Last Minute Defensive - 0:00
Total
Forward - 60:00
Defense - 60:00
|
% Time on Ice - Wolfes
Lines # - Real PCT - Wanted PCT - Time Play
Normal Forward
1 - 34% - 35% - 12:51
2 - 30% - 30% - 11:26
3 - 20% - 20% - 7:40
4 - 16% - 15% - 6:17
Normal Defense
1 - 33% - 35% - 12:35
2 - 32% - 33% - 12:24
3 - 29% - 32% - 11:15
4 - 5% - 0% - 2:00
PP Forward
1 - 61% - 60% - 5:18
2 - 39% - 40% - 3:25
PP Defense
1 - 57% - 60% - 4:59
2 - 43% - 40% - 3:44
PK Forward
1 - 68% - 60% - 8:09
2 - 32% - 40% - 3:45
PK Defense
1 - 59% - 60% - 6:59
2 - 41% - 40% - 4:55
PK3 Forward
1 - 0% - 60%
2 - 0% - 40%
PK3 Defense
1 - 0% - 60%
2 - 0% - 40%
44 Forward
1 - 0% - 50%
2 - 0% - 50%
44 Defense
1 - 0% - 50%
2 - 0% - 50%
Last Minute Offensive - 0:00
Last Minute Defensive - 1:09
Total
Forward - 60:00
Defense - 60:00
|
Play-by-Play
1st period
0:01 of 1st period - Sean Monahan wins face-off versus Melker Karlsson in neutral zone.
0:03 of 1st period - Off-side.
0:04 of 1st period - Sean Monahan wins face-off versus Melker Karlsson in neutral zone.
0:50 of 1st period - Icing by Alexei Marchenko.
0:51 of 1st period - Kyle Rau wins face-off versus Nick Schmaltz in Mustangs zone.
0:58 of 1st period - Anton Lindholm is hit by Scott Mayfield and loses puck.
1:21 of 1st period - Off-side.
1:22 of 1st period - Scott Timmins wins face-off versus Iven Barbashev in neutral zone.
1:25 of 1st period - Ryan Pulock is hit by Nolan Vesey and loses puck.
1:36 of 1st period - Slapshot by Ryan Pulock.
1:36 of 1st period - Shot Misses the Net.
1:38 of 1st period - Slapshot by Ryan Pulock.
1:38 of 1st period - Stopped by Laurent Brossoit with a rebound.
1:42 of 1st period - Slapshot by Iven Barbashev.
1:42 of 1st period - Shot Misses the Net.
1:44 of 1st period - Slapshot by Ben Harpur.
1:44 of 1st period - Stopped by Laurent Brossoit without a rebound.
1:45 of 1st period - Alexandre Grenier wins face-off versus Melker Karlsson in Wolfes zone.
1:50 of 1st period - Melker Karlsson is hit by Jeffrey Foss and loses puck.
2:37 of 1st period - Wrist shot by Stefan Matteau.
2:37 of 1st period - Stopped by Laurent Brossoit without a rebound.
2:38 of 1st period - Sean Monahan wins face-off versus Nick Schmaltz in Wolfes zone.
2:55 of 1st period - Slapshot by Sergei Plotnikov.
2:55 of 1st period - Shot Misses the Net.
3:05 of 1st period - Ben Harpur is hit by Anton Lindholm and loses puck.
3:35 of 1st period - Slapshot by Jamie Oleksiak.
3:35 of 1st period - Shot Blocked by Scott Mayfield.
3:37 of 1st period - Slapshot by Jeffrey Foss.
3:37 of 1st period - Deflect By Zachary Sanford.
3:37 of 1st period - Shot Blocked by Alexei Marchenko.
3:37 of 1st period - Puck is out of play.
3:38 of 1st period - Stefan Matteau wins face-off versus Sean Monahan in Mustangs zone.
4:31 of 1st period - Snap shot by Martin Hanzal.
4:31 of 1st period - Stopped by Anthony Stolarz without a rebound.
4:32 of 1st period - Sean Monahan wins face-off versus Stefan Matteau in Mustangs zone.
4:46 of 1st period - Backhand shot by Stefan Matteau.
4:46 of 1st period - Shot Blocked by Sergei Plotnikov.
4:48 of 1st period - Snap shot by Craig Smith.
4:48 of 1st period - Stopped by Laurent Brossoit with a rebound.
5:00 of 1st period - Alexei Marchenko is hit by Joonas Lyytinen and loses puck.
5:23 of 1st period - Wrist shot by Scott Timmins.
5:23 of 1st period - Shot Misses the Net.
6:28 of 1st period - Slapshot by JT Compher.
6:28 of 1st period - Stopped by Laurent Brossoit with a rebound.
6:39 of 1st period - Icing by Craig Smith.
6:40 of 1st period - Scott Timmins wins face-off versus Iven Barbashev in Mustangs zone.
6:45 of 1st period - Slapshot by Nolan Vesey.
6:45 of 1st period - Shot Misses the Net.
6:47 of 1st period - Slapshot by Joe Morrow.
6:47 of 1st period - Deflect By Ben Harpur.
6:47 of 1st period - Stopped by Anthony Stolarz with a rebound.
6:49 of 1st period - Slapshot by Joonas Lyytinen.
6:49 of 1st period - Stopped by Anthony Stolarz without a rebound.
6:50 of 1st period - Sean Monahan wins face-off versus Melker Karlsson in Mustangs zone.
6:57 of 1st period - Snap shot by Sean Monahan.
6:57 of 1st period - Goal by Sean Monahan - Mustangs : 0 - Wolfes : 1.
6:58 of 1st period - Melker Karlsson wins face-off versus Sean Monahan in neutral zone.
7:14 of 1st period - Slapshot by Melker Karlsson.
7:14 of 1st period - Shot Blocked by Sergei Plotnikov.
7:24 of 1st period - Alexandre Grenier is hit by Danny Biega and loses puck.
7:37 of 1st period - Snap shot by Nick Schmaltz.
7:37 of 1st period - Stopped by Laurent Brossoit without a rebound.
7:38 of 1st period - Melker Karlsson wins face-off versus Martin Hanzal in Wolfes zone.
7:39 of 1st period - Slapshot by Alex Tuch.
7:39 of 1st period - Shot Blocked by Michael Stone.
7:51 of 1st period - Snap shot by Joshua Leivo.
7:51 of 1st period - Shot Misses the Net.
8:29 of 1st period - Jeffrey Foss is hit by Ben Harpur and loses puck.
8:36 of 1st period - Wrist shot by Max Gortz.
8:36 of 1st period - Deflect By Nick Schmaltz.
8:36 of 1st period - Shot Blocked by Jamie Oleksiak.
8:36 of 1st period - Puck is out of play.
8:37 of 1st period - Martin Hanzal wins face-off versus Melker Karlsson in Wolfes zone.
8:39 of 1st period - Minor Penalty to Martin Hanzal for Hooking.
8:40 of 1st period - Melker Karlsson wins face-off versus Benn Ferriero in Wolfes zone.
8:54 of 1st period - Snap shot by Joshua Leivo.
8:54 of 1st period - Stopped by Laurent Brossoit with a rebound.
9:01 of 1st period - Icing by Alexei Marchenko.
9:02 of 1st period - Melker Karlsson wins face-off versus Max Friberg in Mustangs zone.
9:28 of 1st period - Icing by Alexei Marchenko.
9:29 of 1st period - Melker Karlsson wins face-off versus Benn Ferriero in Mustangs zone.
9:36 of 1st period - Snap shot by Melker Karlsson.
9:36 of 1st period - Shot Misses the Net.
10:39 of 1st period - Penalty to Martin Hanzal is over, Martin Hanzal is back on ice.
10:40 of 1st period - Slapshot by Benn Ferriero.
10:40 of 1st period - Shot Misses the Net.
10:50 of 1st period - Stefan Matteau is hit by Anton Lindholm and loses puck.
11:09 of 1st period - Snap shot by Scott Timmins.
11:09 of 1st period - Deflect By Max Gortz.
11:09 of 1st period - Goal by Scott Timmins - Mustangs : 0 - Wolfes : 2.
11:10 of 1st period - Sean Monahan wins face-off versus Melker Karlsson in neutral zone.
11:14 of 1st period - Minor Penalty to Joshua Leivo for Hooking.
11:15 of 1st period - Sean Monahan wins face-off versus Melker Karlsson in Mustangs zone.
11:45 of 1st period - Snap shot by Blake Pietila.
11:45 of 1st period - Shot Blocked by Melker Karlsson.
11:47 of 1st period - Snap shot by Joe Morrow.
11:47 of 1st period - Shot Misses the Net.
11:49 of 1st period - Snap shot by Blake Pietila.
11:49 of 1st period - Shot Misses the Net.
11:51 of 1st period - Wrist shot by Blake Pietila.
11:51 of 1st period - Shot Blocked by Alexei Marchenko.
11:53 of 1st period - Snap shot by Blake Pietila.
11:53 of 1st period - Shot Hit the Post.
11:55 of 1st period - Snap shot by Benn Ferriero.
11:55 of 1st period - Shot Misses the Net.
11:57 of 1st period - Slapshot by Joe Morrow.
11:57 of 1st period - Shot Blocked by Craig Smith.
11:59 of 1st period - Slapshot by Joe Morrow.
11:59 of 1st period - Deflect By Alexei Marchenko.
11:59 of 1st period - Stopped by Anthony Stolarz without a rebound.
12:00 of 1st period - Scott Timmins wins face-off versus Stefan Matteau in Mustangs zone.
12:03 of 1st period - Snap shot by James Livingstone.
12:03 of 1st period - Shot Misses the Net.
13:14 of 1st period - Penalty to Joshua Leivo is over, Joshua Leivo is back on ice.
13:26 of 1st period - Martin Hanzal is hit by Ben Harpur and loses puck.
13:41 of 1st period - Scott Timmins is hit by Melker Karlsson and loses puck.
13:52 of 1st period - Wrist shot by Alexei Marchenko.
13:52 of 1st period - Stopped by Laurent Brossoit with a rebound.
14:02 of 1st period - Alexei Marchenko is hit by Anton Lindholm and loses puck.
14:13 of 1st period - Max Friberg is hit by Craig Smith and loses puck.
14:28 of 1st period - Icing by Martin Hanzal.
14:29 of 1st period - Melker Karlsson wins face-off versus Martin Hanzal in Wolfes zone.
14:30 of 1st period - Snap shot by Joshua Leivo.
14:30 of 1st period - Deflect By Martin Hanzal.
14:30 of 1st period - Shot Misses the Net.
14:30 of 1st period - Puck is out of play.
14:31 of 1st period - Kyle Rau wins face-off versus Melker Karlsson in Wolfes zone.
14:53 of 1st period - Icing by Dakota Mermis.
14:54 of 1st period - Alex Tuch wins face-off versus Scott Timmins in Mustangs zone.
15:07 of 1st period - Dakota Mermis is hit by Joe Morrow and loses puck.
16:23 of 1st period - Snap shot by Sean Monahan.
16:23 of 1st period - Deflect By Sergei Plotnikov.
16:23 of 1st period - Stopped by Anthony Stolarz with a rebound.
17:02 of 1st period - Slapshot by Zachary Sanford.
17:02 of 1st period - Shot Misses the Net.
17:04 of 1st period - Snap shot by Zachary Sanford.
17:04 of 1st period - Shot Misses the Net.
17:06 of 1st period - Snap shot by James Livingstone.
17:06 of 1st period - Shot Misses the Net.
17:08 of 1st period - Slapshot by Anton Lindholm.
17:08 of 1st period - Stopped by Anthony Stolarz with a rebound.
17:10 of 1st period - Slapshot by Michael Stone.
17:10 of 1st period - Stopped by Anthony Stolarz with a rebound.
17:12 of 1st period - Wrist shot by James Livingstone.
17:12 of 1st period - Stopped by Anthony Stolarz with a rebound.
17:33 of 1st period - Snap shot by Iven Barbashev.
17:33 of 1st period - Shot Misses the Net.
17:43 of 1st period - Stefan Matteau is hit by Sean Monahan and loses puck.
17:48 of 1st period - Wrist shot by Alexandre Grenier.
17:48 of 1st period - Stopped by Anthony Stolarz with a rebound.
18:11 of 1st period - Joshua Leivo is hit by Anton Lindholm.
18:28 of 1st period - Ben Harpur is hit by Michael Stone and loses puck.
18:49 of 1st period - Ben Harpur is hit by Martin Hanzal and loses puck.
18:56 of 1st period - Slapshot by Blake Pietila.
18:56 of 1st period - Deflect By Martin Hanzal.
18:56 of 1st period - Stopped by Anthony Stolarz without a rebound.
18:57 of 1st period - Sean Monahan wins face-off versus Melker Karlsson in Mustangs zone.
18:58 of 1st period - Wrist shot by Alexandre Grenier.
18:58 of 1st period - Stopped by Anthony Stolarz without a rebound.
18:59 of 1st period - Melker Karlsson wins face-off versus Sean Monahan in Mustangs zone.
19:06 of 1st period - Slapshot by Alexei Marchenko.
19:06 of 1st period - Stopped by Laurent Brossoit without a rebound.
19:07 of 1st period - Melker Karlsson wins face-off versus Sean Monahan in Wolfes zone.
19:26 of 1st period - Alexandre Grenier is hit by Alexei Marchenko and loses puck.
19:31 of 1st period - Wrist shot by Joshua Leivo.
19:31 of 1st period - Shot Misses the Net.
19:33 of 1st period - Wrist shot by Melker Karlsson.
19:33 of 1st period - Shot Blocked by Anton Lindholm.
19:35 of 1st period - Slapshot by Alexei Marchenko.
19:35 of 1st period - Stopped by Laurent Brossoit with a rebound.
19:43 of 1st period - Snap shot by Melker Karlsson.
19:43 of 1st period - Shot Misses the Net.
19:47 of 1st period - Wrist shot by Melker Karlsson.
19:47 of 1st period - Stopped by Laurent Brossoit with a rebound.
19:54 of 1st period - Minor Penalty to Michael Stone for Roughing.
19:55 of 1st period - Martin Hanzal wins face-off versus Stefan Matteau in Wolfes zone.
Goals for this period are 0 for Mustangs vs 2 for Wolfes.
Shots for this period are 11 for Mustangs vs 13 for Wolfes.
2nd period
0:01 of 2nd period - Melker Karlsson wins face-off versus Martin Hanzal in neutral zone.
1:54 of 2nd period - Penalty to Michael Stone is over, Michael Stone is back on ice.
2:04 of 2nd period - Snap shot by Martin Hanzal.
2:04 of 2nd period - Shot Misses the Net.
2:06 of 2nd period - Slapshot by Martin Hanzal.
2:06 of 2nd period - Stopped by Anthony Stolarz with a rebound.
2:08 of 2nd period - Snap shot by Max Friberg.
2:08 of 2nd period - Shot Misses the Net.
2:10 of 2nd period - Wrist shot by Max Friberg.
2:10 of 2nd period - Stopped by Anthony Stolarz with a rebound.
2:26 of 2nd period - Wrist shot by Martin Hanzal.
2:26 of 2nd period - Shot Blocked by Scott Mayfield.
2:42 of 2nd period - Snap shot by Martin Hanzal.
2:42 of 2nd period - Stopped by Anthony Stolarz without a rebound.
2:43 of 2nd period - Iven Barbashev wins face-off versus Sean Monahan in Mustangs zone.
3:00 of 2nd period - Snap shot by Sean Monahan.
3:00 of 2nd period - Deflect By Iven Barbashev.
3:00 of 2nd period - Stopped by Anthony Stolarz without a rebound.
3:01 of 2nd period - Melker Karlsson wins face-off versus Kyle Rau in Mustangs zone.
3:06 of 2nd period - Wrist shot by Zachary Sanford.
3:06 of 2nd period - Shot Misses the Net.
3:08 of 2nd period - Slapshot by Charles-Olivier Roussel.
3:08 of 2nd period - Shot Blocked by Dakota Mermis.
3:10 of 2nd period - Snap shot by Zachary Sanford.
3:10 of 2nd period - Stopped by Anthony Stolarz with a rebound.
3:12 of 2nd period - Slapshot by Charles-Olivier Roussel.
3:12 of 2nd period - Shot Blocked by Danny Biega.
3:14 of 2nd period - Slapshot by Jamie Oleksiak.
3:14 of 2nd period - Stopped by Anthony Stolarz with a rebound.
3:16 of 2nd period - Snap shot by Kyle Rau.
3:16 of 2nd period - Shot Misses the Net.
3:31 of 2nd period - Slapshot by Dakota Mermis.
3:31 of 2nd period - Shot Blocked by Jamie Oleksiak.
3:33 of 2nd period - Snap shot by Craig Smith.
3:33 of 2nd period - Goal by Craig Smith - Mustangs : 1 - Wolfes : 2.
3:34 of 2nd period - Melker Karlsson wins face-off versus Sean Monahan in neutral zone.
3:38 of 2nd period - Minor Penalty to Alexandre Grenier for Hooking.
3:39 of 2nd period - Melker Karlsson wins face-off versus Martin Hanzal in Wolfes zone.
3:43 of 2nd period - Slapshot by Joshua Leivo.
3:43 of 2nd period - Stopped by Laurent Brossoit with a rebound.
5:38 of 2nd period - Penalty to Alexandre Grenier is over, Alexandre Grenier is back on ice.
6:05 of 2nd period - Scott Mayfield is hit by Sean Monahan and loses puck.
6:58 of 2nd period - Alexei Marchenko is hit by Max Friberg.
7:13 of 2nd period - Craig Smith is hit by Sean Monahan and loses puck.
7:31 of 2nd period - Joonas Lyytinen is hit by Ben Harpur and loses puck.
7:58 of 2nd period - Off-side.
7:59 of 2nd period - Melker Karlsson wins face-off versus Martin Hanzal in neutral zone.
8:24 of 2nd period - Stefan Matteau is hit by Sean Monahan and loses puck.
8:28 of 2nd period - Alexei Marchenko is hit by Sergei Plotnikov and loses puck.
8:31 of 2nd period - Minor Penalty to Jeffrey Foss for Hooking.
8:32 of 2nd period - Melker Karlsson wins face-off versus Martin Hanzal in Wolfes zone.
8:39 of 2nd period - Wrist shot by Melker Karlsson.
8:39 of 2nd period - Stopped by Laurent Brossoit without a rebound.
8:40 of 2nd period - Martin Hanzal wins face-off versus Melker Karlsson in Wolfes zone.
9:09 of 2nd period - Backhand shot by Alexandre Grenier.
9:09 of 2nd period - Shot Misses the Net.
10:19 of 2nd period - Anton Lindholm is hit by Joshua Leivo and loses puck.
10:31 of 2nd period - Penalty to Jeffrey Foss is over, Jeffrey Foss is back on ice.
10:42 of 2nd period - Snap shot by Alexandre Grenier.
10:42 of 2nd period - Stopped by Anthony Stolarz without a rebound.
10:43 of 2nd period - Vaclav Karabacek wins face-off versus Nick Schmaltz in Mustangs zone.
10:52 of 2nd period - Nick Schmaltz is hit by Jeffrey Foss and loses puck.
10:59 of 2nd period - Snap shot by Vaclav Karabacek.
10:59 of 2nd period - Shot Blocked by Dakota Mermis.
11:09 of 2nd period - Dakota Mermis is hit by James Livingstone and loses puck.
11:19 of 2nd period - Slapshot by Nick Schmaltz.
11:19 of 2nd period - Stopped by Laurent Brossoit with a rebound.
11:27 of 2nd period - Slapshot by Alexei Marchenko.
11:27 of 2nd period - Stopped by Laurent Brossoit without a rebound.
11:28 of 2nd period - Sean Monahan wins face-off versus Alex Tuch in Wolfes zone.
11:41 of 2nd period - Snap shot by Sean Monahan.
11:41 of 2nd period - Stopped by Anthony Stolarz with a rebound.
11:43 of 2nd period - Minor Penalty to Joshua Leivo for Tripping.
11:44 of 2nd period - Sean Monahan wins face-off versus Craig Smith in Mustangs zone.
12:03 of 2nd period - Craig Smith is hit by Michael Stone and loses puck.
12:30 of 2nd period - Minor Penalty to Scott Mayfield for Holding.
12:31 of 2nd period - Sean Monahan wins face-off versus Melker Karlsson in Mustangs zone.
12:34 of 2nd period - Snap shot by Benn Ferriero.
12:34 of 2nd period - Stopped by Anthony Stolarz without a rebound.
12:35 of 2nd period - Sean Monahan wins face-off versus Melker Karlsson in Mustangs zone.
12:46 of 2nd period - Slapshot by Sean Monahan.
12:46 of 2nd period - Shot Blocked by Ben Harpur.
12:48 of 2nd period - Snap shot by Sean Monahan.
12:48 of 2nd period - Shot Misses the Net.
12:50 of 2nd period - Wrist shot by Sean Monahan.
12:50 of 2nd period - Shot Blocked by Dakota Mermis.
12:50 of 2nd period - Dakota Mermis from Mustangs is injured at 12:50 of 2nd period (Lower Body).
12:51 of 2nd period - Sean Monahan wins face-off versus Melker Karlsson in Mustangs zone.
13:05 of 2nd period - Wrist shot by Blake Pietila.
13:05 of 2nd period - Stopped by Anthony Stolarz with a rebound.
13:07 of 2nd period - Wrist shot by Sean Monahan.
13:07 of 2nd period - Stopped by Anthony Stolarz with a rebound.
13:18 of 2nd period - Icing by Scott Timmins.
13:19 of 2nd period - Melker Karlsson wins face-off versus Zachary Sanford in Wolfes zone.
13:32 of 2nd period - Slapshot by Joe Morrow.
13:32 of 2nd period - Shot Blocked by Danny Biega.
13:43 of 2nd period - Penalty to Joshua Leivo is over, Joshua Leivo is back on ice.
13:56 of 2nd period - Icing by Sean Monahan.
13:57 of 2nd period - Sean Monahan wins face-off versus Stefan Matteau in Wolfes zone.
14:30 of 2nd period - Penalty to Scott Mayfield is over, Scott Mayfield is back on ice.
15:11 of 2nd period - Minor Penalty to Jamie Oleksiak for Boarding.
15:12 of 2nd period - JT Compher wins face-off versus Martin Hanzal in Wolfes zone.
15:23 of 2nd period - Off-side.
15:24 of 2nd period - Melker Karlsson wins face-off versus Max Friberg in neutral zone.
15:29 of 2nd period - Snap shot by Melker Karlsson.
15:29 of 2nd period - Shot Misses the Net.
17:11 of 2nd period - Penalty to Jamie Oleksiak is over, Jamie Oleksiak is back on ice.
17:23 of 2nd period - Snap shot by Scott Timmins.
17:23 of 2nd period - Deflect By Scott Mayfield.
17:23 of 2nd period - Stopped by Anthony Stolarz with a rebound.
18:29 of 2nd period - Stefan Matteau is hit by Sean Monahan and loses puck.
18:42 of 2nd period - Alex Tuch is hit by Joe Morrow and loses puck.
19:08 of 2nd period - Anton Lindholm is hit by Michael McCarron and loses puck.
19:32 of 2nd period - Jamie Oleksiak is hit by Craig Smith and loses puck.
19:54 of 2nd period - Max Gortz is hit by Sean Monahan and loses puck.
Goals for this period are 1 for Mustangs vs 0 for Wolfes.
Shots for this period are 5 for Mustangs vs 12 for Wolfes.
3rd period
0:01 of 3rd period - Martin Hanzal wins face-off versus Alex Tuch in neutral zone.
0:06 of 3rd period - Snap shot by Blake Pietila.
0:06 of 3rd period - Stopped by Anthony Stolarz without a rebound.
0:07 of 3rd period - Martin Hanzal wins face-off versus Melker Karlsson in Mustangs zone.
0:22 of 3rd period - Snap shot by Max Friberg.
0:22 of 3rd period - Stopped by Anthony Stolarz with a rebound.
0:52 of 3rd period - Snap shot by Max Gortz.
0:52 of 3rd period - Shot Blocked by Joonas Lyytinen.
0:54 of 3rd period - Slapshot by Ben Harpur.
0:54 of 3rd period - Deflect By Zachary Sanford.
0:54 of 3rd period - Stopped by Laurent Brossoit with a rebound.
0:56 of 3rd period - Snap shot by Max Gortz.
0:56 of 3rd period - Stopped by Laurent Brossoit with a rebound.
0:58 of 3rd period - Snap shot by Nick Schmaltz.
0:58 of 3rd period - Stopped by Laurent Brossoit with a rebound.
1:00 of 3rd period - Slapshot by Ben Harpur.
1:00 of 3rd period - Shot Misses the Net.
1:14 of 3rd period - Icing by Zachary Sanford.
1:15 of 3rd period - James Livingstone wins face-off versus Melker Karlsson in Wolfes zone.
2:11 of 3rd period - Snap shot by Melker Karlsson.
2:11 of 3rd period - Goal by Melker Karlsson - Mustangs : 2 - Wolfes : 2.
2:12 of 3rd period - Martin Hanzal wins face-off versus JT Compher in neutral zone.
2:22 of 3rd period - Wrist shot by Max Friberg.
2:22 of 3rd period - Shot Blocked by Stefan Matteau.
2:24 of 3rd period - Wrist shot by Jamie Oleksiak.
2:24 of 3rd period - Stopped by Anthony Stolarz with a rebound.
2:32 of 3rd period - Jeffrey Foss is hit by Ben Harpur and loses puck.
2:43 of 3rd period - Snap shot by Iven Barbashev.
2:43 of 3rd period - Shot Misses the Net.
2:45 of 3rd period - Slapshot by Ben Harpur.
2:45 of 3rd period - Shot Misses the Net.
2:47 of 3rd period - Slapshot by Ben Harpur.
2:47 of 3rd period - Deflect By Iven Barbashev.
2:47 of 3rd period - Stopped by Laurent Brossoit without a rebound.
2:48 of 3rd period - Sean Monahan wins face-off versus Iven Barbashev in Wolfes zone.
2:50 of 3rd period - Minor Penalty to Sean Monahan for Tripping.
2:51 of 3rd period - Melker Karlsson wins face-off versus Martin Hanzal in Wolfes zone.
3:17 of 3rd period - Stefan Matteau is hit by Kyle Rau and loses puck.
3:22 of 3rd period - Slapshot by Alexandre Grenier.
3:22 of 3rd period - Shot Misses the Net.
3:24 of 3rd period - Wrist shot by Kyle Rau.
3:24 of 3rd period - Deflect By Alexandre Grenier.
3:24 of 3rd period - Shot Misses the Net.
3:24 of 3rd period - Puck is out of play.
3:25 of 3rd period - Melker Karlsson wins face-off versus Martin Hanzal in Mustangs zone.
4:00 of 3rd period - Backhand shot by Alexandre Grenier.
4:00 of 3rd period - Deflect By Kyle Rau.
4:00 of 3rd period - Stopped by Anthony Stolarz without a rebound.
4:01 of 3rd period - Melker Karlsson wins face-off versus Martin Hanzal in Mustangs zone.
4:01 of 3rd period - Melker Karlsson is hit by Martin Hanzal.
4:30 of 3rd period - Snap shot by Alexandre Grenier.
4:30 of 3rd period - Goal by Alexandre Grenier - Mustangs : 2 - Wolfes : 3.
4:31 of 3rd period - Martin Hanzal wins face-off versus Melker Karlsson in neutral zone.
4:44 of 3rd period - Max Friberg is hit by Joshua Leivo and loses puck.
4:50 of 3rd period - Penalty to Sean Monahan is over, Sean Monahan is back on ice.
5:03 of 3rd period - Slapshot by Max Gortz.
5:03 of 3rd period - Shot Misses the Net.
5:08 of 3rd period - Off-side.
5:09 of 3rd period - Melker Karlsson wins face-off versus Kyle Rau in neutral zone.
5:14 of 3rd period - Wrist shot by Alexei Marchenko.
5:14 of 3rd period - Stopped by Laurent Brossoit without a rebound.
5:15 of 3rd period - Kyle Rau wins face-off versus Melker Karlsson in Wolfes zone.
5:15 of 3rd period - Kyle Rau is hit by Scott Mayfield.
5:37 of 3rd period - Minor Penalty to Scott Mayfield for Hooking.
5:38 of 3rd period - Sean Monahan wins face-off versus Melker Karlsson in Mustangs zone.
5:39 of 3rd period - Snap shot by Blake Pietila.
5:39 of 3rd period - Shot Misses the Net.
5:41 of 3rd period - Snap shot by Blake Pietila.
5:41 of 3rd period - Shot Blocked by Alexei Marchenko.
7:37 of 3rd period - Penalty to Scott Mayfield is over, Scott Mayfield is back on ice.
7:53 of 3rd period - Max Gortz is hit by Alexandre Grenier and loses puck.
8:28 of 3rd period - Joe Morrow is hit by Stefan Matteau and loses puck.
9:28 of 3rd period - Off-side.
9:29 of 3rd period - Alex Tuch wins face-off versus Sean Monahan in neutral zone.
9:40 of 3rd period - Charles-Olivier Roussel is hit by Melker Karlsson.
10:00 of 3rd period - Snap shot by Scott Timmins.
10:00 of 3rd period - Stopped by Anthony Stolarz with a rebound.
10:54 of 3rd period - Wrist shot by Joshua Leivo.
10:54 of 3rd period - Deflect By Alex Tuch.
10:54 of 3rd period - Shot Misses the Net.
10:54 of 3rd period - Puck is out of play.
10:55 of 3rd period - Sean Monahan wins face-off versus Melker Karlsson in Wolfes zone.
10:55 of 3rd period - Alexandre Grenier is hit by Ryan Pulock and loses puck.
11:04 of 3rd period - Joonas Lyytinen is hit by Joshua Leivo and loses puck.
11:09 of 3rd period - Snap shot by Melker Karlsson.
11:09 of 3rd period - Deflect By Alex Tuch.
11:09 of 3rd period - Shot Blocked by Alexandre Grenier.
11:09 of 3rd period - Puck is out of play.
11:10 of 3rd period - Martin Hanzal wins face-off versus Stefan Matteau in Wolfes zone.
11:12 of 3rd period - Icing by Blake Pietila.
11:13 of 3rd period - Stefan Matteau wins face-off versus Martin Hanzal in Wolfes zone.
11:14 of 3rd period - Snap shot by Craig Smith.
11:14 of 3rd period - Stopped by Laurent Brossoit with a rebound.
11:16 of 3rd period - Slapshot by Craig Smith.
11:16 of 3rd period - Stopped by Laurent Brossoit with a rebound.
11:18 of 3rd period - Slapshot by Ryan Pulock.
11:18 of 3rd period - Deflect By Stefan Matteau.
11:18 of 3rd period - Shot Misses the Net.
11:18 of 3rd period - Puck is out of play.
11:19 of 3rd period - Martin Hanzal wins face-off versus Stefan Matteau in Wolfes zone.
11:40 of 3rd period - Snap shot by Stefan Matteau.
11:40 of 3rd period - Shot Misses the Net.
11:42 of 3rd period - Snap shot by Craig Smith.
11:42 of 3rd period - Stopped by Laurent Brossoit without a rebound.
11:43 of 3rd period - Melker Karlsson wins face-off versus Sean Monahan in Wolfes zone.
11:44 of 3rd period - Slapshot by Joshua Leivo.
11:44 of 3rd period - Shot Misses the Net.
11:56 of 3rd period - Snap shot by Sean Monahan.
11:56 of 3rd period - Stopped by Anthony Stolarz without a rebound.
11:57 of 3rd period - Martin Hanzal wins face-off versus Melker Karlsson in Mustangs zone.
12:00 of 3rd period - Snap shot by Blake Pietila.
12:00 of 3rd period - Shot Blocked by Scott Mayfield.
12:24 of 3rd period - Slapshot by Max Gortz.
12:24 of 3rd period - Shot Blocked by Blake Pietila.
13:19 of 3rd period - Snap shot by Nolan Vesey.
13:19 of 3rd period - Shot Blocked by Ben Harpur.
13:21 of 3rd period - Wrist shot by Anton Lindholm.
13:21 of 3rd period - Shot Blocked by Ryan Pulock.
13:27 of 3rd period - Slapshot by Scott Timmins.
13:27 of 3rd period - Stopped by Anthony Stolarz without a rebound.
13:28 of 3rd period - Melker Karlsson wins face-off versus Kyle Rau in Mustangs zone.
13:37 of 3rd period - Snap shot by Kyle Rau.
13:37 of 3rd period - Stopped by Anthony Stolarz without a rebound.
13:38 of 3rd period - Melker Karlsson wins face-off versus Kyle Rau in Mustangs zone.
13:47 of 3rd period - Slapshot by Alexei Marchenko.
13:47 of 3rd period - Deflect By Joshua Leivo.
13:47 of 3rd period - Stopped by Laurent Brossoit with a rebound.
13:53 of 3rd period - Snap shot by Kyle Rau.
13:53 of 3rd period - Stopped by Anthony Stolarz with a rebound.
13:55 of 3rd period - Slapshot by Zachary Sanford.
13:55 of 3rd period - Shot Misses the Net.
13:57 of 3rd period - Backhand shot by James Livingstone.
13:57 of 3rd period - Stopped by Anthony Stolarz without a rebound.
13:58 of 3rd period - Martin Hanzal wins face-off versus Stefan Matteau in Mustangs zone.
14:13 of 3rd period - Snap shot by Blake Pietila.
14:13 of 3rd period - Shot Misses the Net.
14:24 of 3rd period - Minor Penalty to Stefan Matteau for Tripping.
14:25 of 3rd period - Sean Monahan wins face-off versus Melker Karlsson in Mustangs zone.
14:40 of 3rd period - Slapshot by Michael Stone.
14:40 of 3rd period - Shot Blocked by Craig Smith.
15:27 of 3rd period - Jeffrey Foss is hit by Melker Karlsson and loses puck.
16:24 of 3rd period - Penalty to Stefan Matteau is over, Stefan Matteau is back on ice.
16:35 of 3rd period - Max Friberg is hit by Stefan Matteau and loses puck.
17:23 of 3rd period - Anton Lindholm is hit by Melker Karlsson and loses puck.
17:40 of 3rd period - Sergei Plotnikov is hit by Scott Mayfield and loses puck.
17:47 of 3rd period - Scott Mayfield is hit by Alexandre Grenier and loses puck.
19:02 of 3rd period - Max Friberg is hit by Joshua Leivo and loses puck.
19:05 of 3rd period - Mustangs, Anthony Stolarz is pulled from the net.
19:19 of 3rd period - Snap shot by Stefan Matteau.
19:19 of 3rd period - Shot Misses the Net.
19:29 of 3rd period - Snap shot by Alex Tuch.
19:29 of 3rd period - Deflect By Joshua Leivo.
19:29 of 3rd period - Stopped by Laurent Brossoit without a rebound.
19:30 of 3rd period - Peter DeBoer call a timeout for Mustangs.
19:30 of 3rd period - Alex Tuch wins face-off versus Kyle Rau in Wolfes zone.
19:35 of 3rd period - Snap shot by Alexei Marchenko.
19:35 of 3rd period - Stopped by Laurent Brossoit without a rebound.
19:36 of 3rd period - Stefan Matteau wins face-off versus Kyle Rau in Wolfes zone.
Goals for this period are 1 for Mustangs vs 1 for Wolfes.
Shots for this period are 12 for Mustangs vs 11 for Wolfes.
Back to the Top